[Event "Titled Tuesday Blitz January 03 Early 2023"]
[White "Rakhmatullaev, Almas"]
[Black "Fisher_TheGalactic"]
[WhiteFideId "14205793"]
[WhiteElo "2275"]
[BlackElo "2521"]
[Result "1-0"]
[Round "07"]
[TimeControl "180+2"]
[Date "2023.01.03"]
[WhiteClock "0:00:19"]
[BlackClock "0:00:01"]

1. e4 b6 2. d4 Bb7 3. Nc3 e6 4. Bd3 Bb4 5. Ne2 Nf6 6. O-O d5 7. exd5 exd5 8. Ng3 O-O 9. Qf3 Nbd7 10. Bg5 h6 11. Bh4 c5 12. Nf5 cxd4 13. Ne2 Ne5 14. Qg3 Ng6 15. Nf4 Qc7 16. Nxg6 Qxg3 17. Nge7+ Kh8 18. Bxg3 Rfe8 19. Bb5 Rxe7 20. Nxe7 Bxe7 21. Be5 Bc5 22. Bxf6 gxf6 23. Bd3 Kg7 24. Rfe1 Rd8 25. Re2 Bc8 26. Rae1 Be6 27. f4 f5 28. g3 Kf6 29. Kg2 a5 30. Kf3 a4 31. a3 Ra8 32. h3 h5 33. Rh1 Rb8 34. Bb5 Ra8 35. Rd1 Ra5 36. Bd3 Ra8 37. Kg2 Rg8 38. Kf3 Ra8 39. Rg1 Rb8 40. Bb5 Ra8 41. Bd3 Rb8 42. g4 hxg4+ 43. hxg4 fxg4+ 44. Kg2 Bf5 45. Re5 Bxd3 46. cxd3 Rd8 47. Rh1 Kg6 48. Rg5+ Kf6 49. Rh6+ Ke7 50. Re5+ Kd7 51. Rxd5+ Kc7 52. Rxd8 Kxd8 53. Kg3 Ke7 54. Kxg4 Bd6 55. Kf5 Bc5 56. Ke4 f6 57. f5 b5 58. Kd5 Bb6 59. Rh7+ Kf8 60. Ke6 Kg8 61. Rb7 1-0


[Site "https://www.chess.com"]

[Event "Titled Tuesday Blitz January 03 Early 2023"]
[White "Maksimovic, Bojan"]
[Black "Blanco Acevedo, Cristobal Jose"]
[WhiteFideId "14408120"]
[BlackFideId "3900525"]
[WhiteElo "2486"]
[BlackElo "2310"]
[Result "1-0"]
[Round "07"]
[TimeControl "180+2"]
[Date "2023.01.03"]
[WhiteClock "0:01:29"]
[BlackClock "0:00:04"]

1. g3 d5 2. Bg2 Nf6 3. Nf3 c5 4. O-O Nc6 5. d4 e6 6. c4 dxc4 7. dxc5 Qxd1 8. Rxd1 Bxc5 9. Nbd2 O-O 10. Nxc4 Ne4 11. Be3 Be7 12. Rac1 Rd8 13. Nfe5 Rxd1+ 14. Rxd1 Nxe5 15. Nxe5 Nf6 16. h3 a5 17. a4 h6 18. g4 Nd5 19. Bxd5 exd5 20. Rxd5 Be6 21. Rb5 f6 22. Ng6 Bb4 23. Rxb7 Kh7 24. Nf4 Bc8 25. Rc7 Bd6 26. Rc6 Be5 27. Nd3 Bb7 28. Nxe5 fxe5 29. Rc5 Rd8 30. f3 e4 31. f4 Rd1+ 32. Kf2 Rh1 33. Kg2 Re1 34. Kf2 Rh1 35. Rxa5 Rxh3 36. b4 Bc8 37. f5 h5 38. gxh5 Rxh5 39. Rc5 Bxf5 40. a5 g6 41. a6 Rh2+ 42. Ke1 Rh1+ 43. Kd2 Ra1 44. b5 Ra2+ 45. Rc2 Ra5 46. Rb2 Bc8 47. Bd4 g5 48. Ke3 Kg6 49. Kxe4 Bd7 50. b6 Rxa6 51. b7 Bc6+ 52. Kd3 Ra3+ 53. Bc3 Bxb7 54. Rxb7 g4 55. e4 Kg5 56. Kd4 Kf4 57. Rf7+ Kg3 58. Be1+ Kh3 59. Rh7+ Kg2 60. Rg7 Kf3 61. Rf7+ Ke2 62. Bh4 Rh3 63. Be7 g3 64. Rg7 Kf1 65. Rf7+ Ke2 66. Rg7 Kf1 67. Kd5 g2 68. Bc5 Rh5+ 69. e5 Rxe5+ 70. Kxe5 g1=Q 71. Rxg1+ 1-0


[Site "https://www.chess.com"]

[Event "Titled Tuesday Blitz January 03 Early 2023"]
[White "Gheorghiu, Calin"]
[Black "Liyanage, Ranindu Dilshan"]
[WhiteFideId "1200305"]
[BlackFideId "9915834"]
[WhiteElo "2313"]
[BlackElo "2342"]
[Result "1-0"]
[Round "07"]
[TimeControl "180+2"]
[Date "2023.01.03"]
[WhiteClock "0:01:14"]
[BlackClock "0:00:40"]

1. e4 e5 2. Nf3 Nc6 3. Bb5 a6 4. Ba4 Nf6 5. d3 Bc5 6. c3 b5 7. Bb3 d6 8. O-O Bg4 9. h3 Bh5 10. a4 Rb8 11. axb5 axb5 12. Nbd2 Bb6 13. Re1 Qd7 14. Nf1 Bg6 15. Ng3 h6 16. d4 O-O 17. Nh4 Bh7 18. Nhf5 exd4 19. cxd4 d5 20. exd5 Na5 21. Bc2 Rfe8 22. Bf4 Nc4 23. Be5 Nxe5 24. dxe5 Nxd5 25. Qg4 Bg6 26. Nxh6+ gxh6 27. Qxd7 1-0


[Site "https://www.chess.com"]

[Event "Titled Tuesday Blitz January 03 Early 2023"]
[White "Ilkhomi, Jaloliddin"]
[Black "Khamdamova, Afruza"]
[WhiteFideId "14700948"]
[BlackFideId "14210444"]
[WhiteElo "1997"]
[BlackElo "2162"]
[Result "0-1"]
[Round "07"]
[TimeControl "180+2"]
[Date "2023.01.03"]
[WhiteClock "0:00:10"]
[BlackClock "0:00:08"]

1. d4 Nf6 2. Nf3 d5 3. Bf4 c5 4. e3 Nc6 5. c3 Qb6 6. Qc2 Bf5 7. dxc5 Bxc2 8. cxb6 axb6 9. Na3 Bg6 10. Nb5 Ra5 11. a4 Kd7 12. b4 Ra8 13. Ne5+ Nxe5 14. Bxe5 Bc2 15. Nd4 Bg6 16. Bb5+ Kd8 17. c4 e6 18. O-O Bxb4 19. Rfc1 Be7 20. cxd5 Nxd5 21. Bxg7 Rg8 22. Be5 Bf6 23. Nf3 Be4 24. Bxf6+ Nxf6 25. Rd1+ Ke7 26. Kf1 Bxf3 27. gxf3 Nd5 28. Rac1 Kf6 29. e4 Nf4 30. Rc7 Rg7 31. Ke1 Rg1+ 32. Kd2 Rd8+ 33. Rd7 Rxd7+ 34. Bxd7 Rxd1+ 35. Kxd1 Ke5 36. Kd2 Kd4 37. Bc8 Nd3 38. Bxb7 Nxf2 39. Ba6 Nh3 40. Bb5 e5 41. Ke2 f6 42. Kf1 Nf4 43. Kf2 Kc3 44. Kg3 h5 45. Kh4 Kd2 46. Be8 Ke3 47. Bxh5 Ng2+ 48. Kg3 Nf4 49. Bg4 Ne2+ 50. Kh4 Ng1 51. Kh5 Nxf3 52. Bxf3 Kxf3 53. Kg6 Kxe4 54. h4 f5 55. h5 f4 56. h6 f3 57. h7 f2 58. h8=Q f1=Q 59. Qa8+ Ke3 60. Qc6 Qg1+ 61. Kf6 Qf2+ 62. Ke6 Kf4 63. Qxb6 Qxb6+ 64. Kd5 Qa5+ 65. Kc6 Qxa4+ 66. Kb7 e4 67. Kb6 e3 68. Kc5 e2 69. Kd6 e1=Q 70. Kc7 Qd2 71. Kb6 Qc3 72. Kb7 Qab4+ 73. Ka6 Qca3# 0-1


[Site "https://www.chess.com"]

[Event "Titled Tuesday Blitz January 03 Early 2023"]
[White "Aloma Vidal, Robert"]
[Black "Krstic, Milos"]
[WhiteFideId "2260409"]
[BlackFideId "954888"]
[WhiteElo "2442"]
[BlackElo "2183"]
[Result "1-0"]
[Round "07"]
[TimeControl "180+2"]
[Date "2023.01.03"]
[WhiteClock "0:00:56"]
[BlackClock "0:00:15"]

1. e4 c6 2. d4 d5 3. e5 Bf5 4. Nf3 e6 5. Be2 Ne7 6. O-O Nd7 7. a4 Bg6 8. a5 Nf5 9. a6 b6 10. c4 Be7 11. cxd5 cxd5 12. Nc3 O-O 13. Bf4 h6 14. h3 Nh4 15. Qd2 Nxf3+ 16. Bxf3 Re8 17. Be2 Rc8 18. Rfc1 Nb8 19. Bb5 Rf8 20. Ne2 Kh7 21. Rxc8 Qxc8 22. Rc1 Qd8 23. Qc3 Bg5 24. Qc7 Bxf4 25. Qxd8 Rxd8 26. Nxf4 Be4 27. f3 Bf5 28. g4 g5 29. gxf5 gxf4 30. Rc7 exf5 31. Rxf7+ Kg6 32. Rxa7 Rc8 33. Rb7 Nc6 34. Rxb6 1-0


[Site "https://www.chess.com"]

[Event "Titled Tuesday Blitz January 03 Early 2023"]
[White "Kopczynski, Michal"]
[Black "Piesik, Piotr"]
[WhiteFideId "1124200"]
[BlackFideId "1136194"]
[WhiteElo "2225"]
[BlackElo "2426"]
[Result "0-1"]
[Round "07"]
[TimeControl "180+2"]
[Date "2023.01.03"]
[WhiteClock "0:00:07"]
[BlackClock "0:00:03"]

1. e4 g6 2. d4 Bg7 3. Nc3 c6 4. Be3 d5 5. e5 Nh6 6. Qd2 Nf5 7. Bg5 f6 8. exf6 exf6 9. Bf4 Kf7 10. O-O-O Nd7 11. h4 h5 12. f3 Nb6 13. g4 Nd6 14. gxh5 Rxh5 15. b3 Nf5 16. Bh3 Nxh4 17. Bg4 Rh8 18. Nh3 Nf5 19. Nf2 Rxh1 20. Rxh1 Be6 21. Ne2 Qd7 22. Nd3 Rh8 23. Rxh8 Bxh8 24. Nc5 Qe7 25. Qa5 Nc8 26. Nxe6 Qxe6 27. Ng3 Nce7 28. Nxf5 Nxf5 29. Qc7+ Qe7 30. Qc8 Bg7 31. Bxf5 gxf5 32. Qxf5 Qe6 33. Qh5+ Ke7 34. Kb2 f5 35. Qh7 Qf7 36. Bg5+ Kd7 37. Qh4 c5 38. Be3 Qf6 39. Qh5 cxd4 40. Bg5 Qe6 41. Qh7 Qf7 42. Bh6 d3+ 43. Qxg7 Qxg7+ 44. Bxg7 d2 0-1


[Site "https://www.chess.com"]

[Event "Titled Tuesday Blitz January 03 Early 2023"]
[White "Mikhalsky, Vladimir"]
[Black "Ingebretsen, Jens E"]
[WhiteFideId "14144352"]
[BlackFideId "1522965"]
[WhiteElo "2219"]
[BlackElo "2342"]
[Result "0-1"]
[Round "07"]
[TimeControl "180+2"]
[Date "2023.01.03"]
[WhiteClock "0:00:10"]
[BlackClock "0:00:17"]

1. d4 d5 2. c4 c6 3. Nf3 Nf6 4. Nc3 e6 5. e3 Nbd7 6. Qc2 Bd6 7. g4 h6 8. h4 dxc4 9. Bxc4 b5 10. Bd3 a6 11. e4 e5 12. Rg1 exd4 13. Nxd4 Ne5 14. g5 hxg5 15. hxg5 Nfg4 16. Be3 c5 17. Nf5 Bxf5 18. exf5 Nf3+ 19. Ke2 Nxg1+ 20. Rxg1 Nxe3 21. Kxe3 Qe7+ 22. Be4 Qe5 23. a4 Rh2 24. Nd5 c4 25. Kf3 Bc5 26. Ne3 Bxe3 27. Kxe3 O-O-O 28. axb5 axb5 29. Rd1 Qc5+ 30. Kf4 Rxf2+ 31. Kg3 Rxc2 32. Rxd8+ Kxd8 0-1


[Site "https://www.chess.com"]

[Event "Titled Tuesday Blitz January 03 Early 2023"]
[White "Zhuravlev, Alexey"]
[Black "Ginzburg, Yakov"]
[WhiteFideId "4164199"]
[BlackFideId "4157176"]
[WhiteElo "2359"]
[BlackElo "2405"]
[Result "1-0"]
[Round "07"]
[TimeControl "180+2"]
[Date "2023.01.03"]
[WhiteClock "0:00:16"]
[BlackClock "0:00:01"]

1. e4 c5 2. Nc3 e6 3. f4 d5 4. Nf3 Nf6 5. Bb5+ Bd7 6. Bxd7+ Nbxd7 7. d3 dxe4 8. Nxe4 Nxe4 9. dxe4 Nf6 10. Qxd8+ Rxd8 11. e5 Nd5 12. Bd2 c4 13. O-O-O Bc5 14. Rhe1 O-O 15. Ng5 c3 16. Bxc3 Nxf4 17. Ne4 Be7 18. g3 Rxd1+ 19. Kxd1 Rd8+ 20. Bd2 Ng6 21. Nf2 Bg5 22. Ne4 Bxd2 23. Nxd2 Rd5 24. c4 Rxe5 25. Rxe5 Nxe5 26. Ke2 Kf8 27. h3 Ke7 28. Ke3 Nc6 29. a3 a5 30. b3 f5 31. Kd3 e5 32. Kc3 g5 33. Nf3 Kf6 34. b4 axb4+ 35. axb4 e4 36. Nd4 Nxd4 37. Kxd4 h5 38. g4 h4 39. gxf5 Kxf5 40. c5 g4 41. hxg4+ Kxg4 42. b5 Kf3 43. c6 bxc6 44. bxc6 e3 45. c7 e2 46. c8=Q e1=Q 47. Qh3+ Qg3 48. Qh1+ Kf2 49. Qc1 Qg4+ 50. Ke5 Qe2+ 51. Kf4 Qf3+ 52. Kg5 h3 53. Qd2+ Qe2 54. Qf4+ Kg2 55. Kh4 h2 56. Qg3+ Kf1 57. Qh3+ 1-0


[Site "https://www.chess.com"]

[Event "Titled Tuesday Blitz January 03 Early 2023"]
[White "Sourath Biswas"]
[Black "Vysochin, Spartak"]
[WhiteFideId "35091484"]
[BlackFideId "14103516"]
[WhiteElo "2281"]
[BlackElo "2512"]
[Result "1-0"]
[Round "07"]
[TimeControl "180+2"]
[Date "2023.01.03"]
[WhiteClock "0:01:21"]
[BlackClock "0:01:48"]

1. d4 d5 2. Bf4 c5 3. e3 Nc6 4. Nf3 Nf6 5. Nbd2 Bg4 6. c3 e6 7. Qb3 Qb6 8. Qxb6 axb6 9. Bb5 Nd7 10. Ne5 Ndxe5 11. Bxe5 Kd7 12. h3 Bh5 13. f3 f6 14. Bh2 Bd6 15. Bxd6 Kxd6 16. Kf2 Ra5 17. a4 Rha8 18. Rhd1 Bg6 19. dxc5+ bxc5 20. Nc4+ Kc7 21. Nxa5 Nxa5 22. b4 Nb3 23. Ra2 c4 24. e4 Rd8 25. exd5 exd5 26. Re2 Kb6 27. Bxc4 1-0


[Site "https://www.chess.com"]

[Event "Titled Tuesday Blitz January 03 Early 2023"]
[White "reevecanada"]
[Black "Karttunen, Mika"]
[BlackFideId "502081"]
[WhiteElo "2477"]
[BlackElo "2490"]
[Result "1-0"]
[Round "07"]
[TimeControl "180+2"]
[Date "2023.01.03"]
[WhiteClock "0:00:20"]
[BlackClock "0:00:11"]

1. e4 e5 2. Nf3 Nc6 3. d4 exd4 4. Nxd4 Nf6 5. Nxc6 bxc6 6. Bd3 d5 7. e5 Ng4 8. O-O Bc5 9. Qe2 Qh4 10. h3 h5 11. Nd2 Be6 12. Nf3 Qg3 13. Bg5 Nxf2 14. Rxf2 Bxh3 15. Be3 Be7 16. Nh2 Bg4 17. Bf4 Qh4 18. Qe1 g5 19. g3 Qh3 20. Bf1 gxf4 21. Bxh3 fxg3 22. Rg2 Bxh3 23. Rxg3 Be6 24. Kh1 h4 25. Rg1 d4 26. Nf3 Bd5 27. Qf2 c5 28. Kh2 O-O-O 29. c3 f6 30. cxd4 fxe5 31. dxe5 Rdf8 32. Qd2 Bxf3 33. Raf1 Bc6 34. e6 Rd8 35. Qe2 Bd5 36. Rd1 h3 37. Qa6+ Bb7 38. Rxd8+ Rxd8 39. Qe2 Rh8 40. Rd1 Bd6+ 41. Rxd6 cxd6 42. Qg4 Kd8 43. Qg7 1-0


[Site "https://www.chess.com"]

[Event "Titled Tuesday Blitz January 03 Early 2023"]
[White "Maltsevskaya, Aleksandra"]
[Black "Krienke, Makaio"]
[WhiteFideId "24174041"]
[BlackFideId "2038854"]
[WhiteElo "2390"]
[BlackElo "2115"]
[Result "1/2-1/2"]
[Round "07"]
[TimeControl "180+2"]
[Date "2023.01.03"]
[WhiteClock "0:00:05"]
[BlackClock "0:00:11"]

1. Nf3 Nf6 2. g3 g6 3. d3 Bg7 4. Nbd2 d5 5. Bg2 O-O 6. O-O Bf5 7. e4 dxe4 8. dxe4 Nxe4 9. Nh4 Nxd2 10. Bxd2 Bc8 11. Qe2 Nc6 12. Rfd1 Nd4 13. Qd3 Nf5 14. Qe4 Nxh4 15. Qxh4 Qe8 16. Bh6 Bxh6 17. Qxh6 Qb5 18. Re1 Be6 19. b3 Rad8 20. c4 Qb4 21. Rad1 c6 22. h4 a5 23. h5 Bg4 24. hxg6 fxg6 25. f3 Bf5 26. Qe3 a4 27. g4 Bc2 28. Qe6+ Kh8 29. Qe5+ Kg8 30. Rxd8 Rxd8 31. Qe6+ Kf8 32. Qe5 Kg8 33. Qe6+ Kf8 34. Qe5 Kg8 1/2-1/2


[Site "https://www.chess.com"]

[Event "Titled Tuesday Blitz January 03 Early 2023"]
[White "Goncalves, Davi Sulzbacher"]
[Black "Odegov, Artem"]
[WhiteFideId "2154510"]
[BlackFideId "34183644"]
[WhiteElo "2282"]
[BlackElo "2261"]
[Result "1-0"]
[Round "07"]
[TimeControl "180+2"]
[Date "2023.01.03"]
[WhiteClock "0:01:05"]
[BlackClock "0:01:10"]

1. Nf3 d5 2. d4 e6 3. Bg5 c5 4. Bxd8 Kxd8 5. e3 Nf6 6. c4 Nc6 7. Nc3 Be7 8. dxc5 Kc7 9. cxd5 exd5 10. Nb5+ Kb8 11. Rc1 Be6 12. a3 a5 13. Be2 Ne4 14. O-O Bxc5 15. Nfd4 Rc8 16. Nxe6 fxe6 17. Bd3 b6 18. Bxe4 dxe4 19. Qg4 Na7 20. Nd4 e5 21. Ne6 g6 22. Qxe4 Bd6 23. Qd5 Be7 24. Qd7 Bc5 25. Rc2 Nc6 26. Nxc5 bxc5 27. Rxc5 Ra7 28. Rb5+ Ka8 29. Qxc8+ Nb8 30. Rxb8# 1-0


[Site "https://www.chess.com"]

[Event "Titled Tuesday Blitz January 03 Early 2023"]
[White "Najdin, Danil"]
[Black "Freitag, Manfred"]
[WhiteFideId "4172426"]
[BlackFideId "1602004"]
[WhiteElo "2235"]
[BlackElo "2352"]
[Result "0-1"]
[Round "07"]
[TimeControl "180+2"]
[Date "2023.01.03"]
[WhiteClock "0:00:24"]
[BlackClock "0:01:01"]

1. e4 Nf6 2. e5 Nd5 3. d4 Nb6 4. c4 d6 5. f4 dxe5 6. fxe5 Bf5 7. Nc3 e6 8. Nf3 Nc6 9. Be2 Be7 10. O-O O-O 11. Be3 f6 12. exf6 Bxf6 13. Qd2 Qe7 14. Rad1 Rad8 15. b3 h6 16. Qe1 Kh8 17. Qg3 Nb4 18. Ne5 Nc2 19. Rxf5 Bxe5 20. Rxf8+ Rxf8 21. Qxe5 Rf5 22. Qg3 Qb4 23. Ne4 Qa5 24. Bd3 Nxe3 25. Qxe3 Qa3 26. Ng3 Rf6 27. Nh5 Rf8 28. Qe4 Kg8 29. Qh7+ Kf7 30. Bg6+ Ke7 31. Qxg7+ Kd8 32. c5 Nd7 33. Qxh6 Qb2 34. Qg5+ Kc8 35. Qd2 Qa3 36. Be4 c6 37. Ng7 Rf6 38. Ne8 Rf8 39. Nd6+ Kc7 40. Nc4 Qa6 41. Qh6 Qxa2 42. Qxe6 Qf2+ 0-1


[Site "https://www.chess.com"]

[Event "Titled Tuesday Blitz January 03 Early 2023"]
[White "Pinheiro, Iung Alicio de O."]
[Black "Sadovsky, Artem"]
[WhiteFideId "2104350"]
[BlackFideId "4155840"]
[WhiteElo "2306"]
[BlackElo "2276"]
[Result "0-1"]
[Round "07"]
[TimeControl "180+2"]
[Date "2023.01.03"]
[WhiteClock "0:00:07"]
[BlackClock "0:00:18"]

1. e4 g6 2. d4 Bg7 3. Nc3 c6 4. Bf4 d5 5. Qd2 dxe4 6. O-O-O Nf6 7. f3 Nd5 8. Be5 e3 9. Qe1 f6 10. Bg3 Bh6 11. Kb1 Be6 12. Bc4 Nd7 13. Bb3 N7b6 14. Ne4 Bf5 15. Ne2 a5 16. a3 a4 17. Ba2 Nc8 18. Ka1 Qa5 19. N2c3 Bxe4 20. Nxe4 Qxe1 21. Rhxe1 f5 22. Nc5 f4 23. c4 Nc7 24. Nxb7 fxg3 25. hxg3 Nd6 26. Nc5 O-O-O 27. f4 Nf5 28. g4 Nxd4 29. g5 Bg7 30. Kb1 e2 31. Rd2 e5 32. g3 exf4 33. gxf4 Rhe8 34. Rd3 Nf3 0-1


[Site "https://www.chess.com"]

[Event "Titled Tuesday Blitz January 03 Early 2023"]
[White "Jovic, Stanoje"]
[Black "Maevsky, Nikolay"]
[WhiteFideId "905020"]
[BlackFideId "4198220"]
[WhiteElo "2075"]
[BlackElo "2277"]
[Result "1-0"]
[Round "07"]
[TimeControl "180+2"]
[Date "2023.01.03"]
[WhiteClock "0:00:13"]
[BlackClock "0:00:15"]

1. c4 c6 2. e4 e5 3. d4 Bb4+ 4. Nc3 Nf6 5. dxe5 Nxe4 6. Qd4 Qa5 7. Ne2 Nc5 8. a3 Nb3 9. Qg4 Bxc3+ 10. bxc3 Qxe5 11. Bf4 Qf6 12. Rd1 O-O 13. Rd6 Qe7 14. Qh5 f6 15. g4 Na6 16. Rg1 g6 17. Qh6 Nac5 18. g5 f5 19. f3 Ne6 20. Be5 Ng7 21. f4 Nc5 22. Rg3 Nce6 23. Rh3 Nh5 24. Rxh5 gxh5 25. Qxh5 Qf7 26. Qf3 Re8 27. c5 b6 28. Kf2 bxc5 29. Ng3 Rb8 30. Nh5 Rb2+ 31. Kg1 Rb1 32. Nf6+ Kf8 33. Nxe8 Kxe8 34. Kg2 Rb2+ 35. Kg3 Rc2 36. h4 Bb7 37. h5 Kd8 38. Bc4 Kc8 39. Bxe6 dxe6 40. Qd3 Qe8 41. Qxc2 Qxh5 42. Qd1 Qe8 43. g6 Qxg6+ 44. Kf2 Qe8 45. Qb3 c4 46. Qxc4 a6 47. Qxe6+ Qxe6 48. Rxe6 Kd7 49. Rh6 Bc8 50. Rxh7+ Ke6 51. Rh6+ Kd5 52. Ke3 c5 53. Rd6+ Kc4 54. Kd2 a5 55. Rc6 Bd7 56. Rc7 Ba4 57. Bd6 Kd5 58. Bxc5 Ke4 59. Bd6 Bb3 60. Rc5 a4 61. Re5+ Kxf4 62. Rb5+ Ke4 63. Rxb3 axb3 64. a4 f4 65. Bxf4 Kd5 66. Kc1 Kc5 67. Kb2 Kc4 68. Be3 Kd5 69. Kxb3 Kc6 70. Kb4 Kb7 71. c4 Ka6 72. c5 Kb7 73. Kb5 Ka8 74. a5 Kb8 75. c6 Kc7 76. Bf4+ Kc8 77. a6 Kd8 78. Bd6 Kc8 79. a7 Kd8 80. a8=Q# 1-0


[Site "https://www.chess.com"]

[Event "Titled Tuesday Blitz January 03 Early 2023"]
[White "Valle Maytin, Luis Enrique"]
[Black "Cnejev, Vladimir-Alexandru"]
[WhiteFideId "3503666"]
[BlackFideId "1260898"]
[WhiteElo "2241"]
[BlackElo "2374"]
[Result "1-0"]
[Round "07"]
[TimeControl "180+2"]
[Date "2023.01.03"]
[WhiteClock "0:00:37"]
[BlackClock "0:00:02"]

1. e4 e5 2. Nf3 Nc6 3. Bb5 a6 4. Ba4 b5 5. Bb3 Bb7 6. c3 Be7 7. O-O Nf6 8. Re1 O-O 9. d4 d6 10. a4 h6 11. Nbd2 Re8 12. Nf1 Bf8 13. Ng3 exd4 14. cxd4 Nb4 15. e5 dxe5 16. Nxe5 Nbd5 17. Be3 c5 18. axb5 axb5 19. Bc2 Rxa1 20. Qxa1 cxd4 21. Bxd4 Nb4 22. Bb3 Qxd4 23. Bxf7+ Kh7 24. Bxe8 Nxe8 25. Qb1+ Kg8 26. Qg6 Nd6 27. Nf5 Be4 28. Nxh6+ Kh8 29. Nef7+ Nxf7 30. Nxf7+ Kg8 31. Qe6 Bd5 32. Nh6+ Kh8 33. Qf5 Qf6 34. Re8 Qxf5 35. Nxf5 Kg8 36. Nd6 Bc6 37. Rb8 Na6 38. Rb6 Bxd6 39. Rxa6 Be5 40. Rxc6 Bxb2 41. Rb6 Bf6 42. Rxb5 1-0


[Site "https://www.chess.com"]

[Event "Titled Tuesday Blitz January 03 Early 2023"]
[White "Le Ruyet, Leopold"]
[Black "Christie, Joshua"]
[WhiteFideId "645923"]
[BlackFideId "7402074"]
[WhiteElo "2245"]
[BlackElo "2294"]
[Result "0-1"]
[Round "07"]
[TimeControl "180+2"]
[Date "2023.01.03"]
[WhiteClock "0:00:10"]
[BlackClock "0:00:10"]

1. e4 e6 2. d4 d5 3. e5 c5 4. c3 Qb6 5. Nf3 Nc6 6. Bd3 Bd7 7. O-O cxd4 8. Nbd2 dxc3 9. bxc3 Nge7 10. Rb1 Qc7 11. Re1 Ng6 12. c4 Ncxe5 13. Bf1 Nxc4 14. Nxc4 dxc4 15. Bb2 Rd8 16. Qc2 b5 17. a4 a6 18. axb5 axb5 19. Ra1 Bb4 20. Bxg7 Bxe1 21. Rxe1 Rg8 22. Bf6 Rc8 23. Ng5 h6 24. Nh7 Bc6 25. Kh1 Ne7 26. Bh4 Nd5 27. Qd1 Qf4 28. Bg3 Qg4 29. Qb1 Qg6 30. Qa2 Qxh7 31. Qa6 Bd7 32. Qd6 Qf5 33. Be2 Rc6 34. Qb8+ Rc8 35. Qd6 c3 36. Bf3 c2 37. Rc1 Qg5 38. Qa3 b4 39. Qb2 b3 40. Be5 Bc6 41. Re1 Nf4 42. Bxc6+ Rxc6 43. g3 Nd5 44. Qa3 c1=Q 45. Qa8+ Rc8 46. Qa4+ Qc6 0-1


[Site "https://www.chess.com"]

[Event "Titled Tuesday Blitz January 03 Early 2023"]
[White "Redzisz, Michal"]
[Black "Gascon Del Nogal, Jose Rafael"]
[WhiteFideId "21816107"]
[BlackFideId "3902463"]
[WhiteElo "2269"]
[BlackElo "2459"]
[Result "1/2-1/2"]
[Round "07"]
[TimeControl "180+2"]
[Date "2023.01.03"]
[WhiteClock "0:00:05"]
[BlackClock "0:00:02"]

1. e4 c5 2. Nf3 d6 3. Bb5+ Bd7 4. Bxd7+ Nxd7 5. O-O Ngf6 6. Re1 e6 7. d4 cxd4 8. Qxd4 a6 9. Nc3 Qc7 10. a4 Be7 11. a5 O-O 12. Bg5 Ne5 13. Nxe5 dxe5 14. Qa4 h6 15. Be3 Bc5 16. Rad1 Bxe3 17. Rxe3 Rfd8 18. Red3 Rxd3 19. Rxd3 Rc8 20. Qb4 Kh7 21. h3 Qc6 22. Rd6 Qc5 23. Rb6 Qxb4 24. Rxb4 Rd8 25. Rxb7 Rd2 26. Rxf7 Rxc2 27. Rb7 Ne8 28. Rb6 Nc7 29. Kf1 Kg6 30. Nd5 Kf7 31. Nxc7 Rxc7 32. Rxa6 Rc1+ 33. Ke2 Rc2+ 34. Kf3 Rxb2 35. Rb6 Ra2 36. a6 Kf6 37. g3 h5 38. h4 Ra3+ 39. Ke2 Ra2+ 40. Ke1 g6 41. Kf1 Ra1+ 42. Kg2 Ra2 43. Rc6 Ra3 44. Kh3 Ra4 45. Rb6 Ra2 46. Kg2 Ra4 47. Kf1 Rxe4 48. a7 Ra4 49. Rb7 e4 50. Ke2 Kf5 51. Ke3 Ke5 52. f4+ exf3 53. Kxf3 Ra3+ 54. Ke2 Kf5 55. Rf7+ Kg4 56. Rf6 Rxa7 57. Rxg6+ Kh3 58. Rg5 Ra3 59. Rxh5 Kxg3 60. Re5 Kxh4 61. Rxe6 Kg5 62. Re3 Rxe3+ 63. Kxe3 1/2-1/2


[Site "https://www.chess.com"]

[Event "Titled Tuesday Blitz January 03 Early 2023"]
[White "Ljukin, Sergei"]
[Black "Martinez Ramirez, Lennis"]
[WhiteFideId "14102200"]
[BlackFideId "3509079"]
[WhiteElo "2362"]
[BlackElo "2426"]
[Result "1-0"]
[Round "07"]
[TimeControl "180+2"]
[Date "2023.01.03"]
[WhiteClock "0:01:57"]
[BlackClock "0:01:51"]

1. e4 c5 2. Nf3 d6 3. d4 cxd4 4. Nxd4 Nf6 5. Nc3 a6 6. Bg5 e6 7. f4 Be7 8. Qf3 Nbd7 9. O-O-O Qc7 10. g4 b5 11. Bxf6 Bxf6 12. Bxb5 axb5 13. Ndxb5 Qb8 14. Nxd6+ Kf8 15. e5 Be7 16. Nxc8 Qxc8 17. Rxd7 Bb4 18. Rhd1 h6 19. Qxa8 Qxa8 20. Rd8+ Ke7 21. R1d7# 1-0


[Site "https://www.chess.com"]

[Event "Titled Tuesday Blitz January 03 Early 2023"]
[White "Dev, Shah"]
[Black "Pein, Jonathan"]
[WhiteFideId "35019058"]
[BlackFideId "417092"]
[WhiteElo "2334"]
[BlackElo "2265"]
[Result "0-1"]
[Round "07"]
[TimeControl "180+2"]
[Date "2023.01.03"]
[WhiteClock "0:00:45"]
[BlackClock "0:00:34"]

1. d4 g6 2. e4 Bg7 3. c4 c5 4. d5 Nf6 5. Nc3 O-O 6. Be2 b5 7. cxb5 a6 8. bxa6 Bxa6 9. Nf3 d6 10. O-O Nfd7 11. Bd2 Qb6 12. Rb1 Bxe2 13. Qxe2 Na6 14. Na4 Qb7 15. Bc3 Bh6 16. b3 Nc7 17. Ba1 Rfb8 18. Qb2 f6 19. Nd2 Rxa4 20. bxa4 Qxb2 21. Rxb2 Rxb2 22. Bxb2 Bxd2 23. Rb1 c4 24. Bc1 Ba5 25. Be3 c3 26. Bd4 f5 27. Rc1 fxe4 0-1


[Site "https://www.chess.com"]

[Event "Titled Tuesday Blitz January 03 Early 2023"]
[White "Lorenzo De La Riva, Lazaro"]
[Black "MKlose11"]
[WhiteFideId "2268809"]
[WhiteElo "2404"]
[BlackElo "2554"]
[Result "0-1"]
[Round "07"]
[TimeControl "180+2"]
[Date "2023.01.03"]
[WhiteClock "0:02:01"]
[BlackClock "0:02:19"]

1. Nf3 Nf6 2. d3 d5 3. c3 c5 4. g3 h5 5. Bg2 Bg4 6. h3 Bd7 7. O-O Qc8 8. Kh2 Nc6 9. Nbd2 h4 10. g4 Bxg4 11. hxg4 Nxg4+ 12. Kg1 h3 13. Bh1 h2+ 14. Kg2 Nge5 0-1


[Site "https://www.chess.com"]

[Event "Titled Tuesday Blitz January 03 Early 2023"]
[White "Dinu, Dumitru-Daniel"]
[Black "Graca, Robert"]
[WhiteFideId "1208403"]
[BlackFideId "644943"]
[WhiteElo "2203"]
[BlackElo "2270"]
[Result "1-0"]
[Round "07"]
[TimeControl "180+2"]
[Date "2023.01.03"]
[WhiteClock "0:00:12"]
[BlackClock "0:00:14"]

1. e4 c5 2. Nf3 d6 3. d4 cxd4 4. Nxd4 Nf6 5. Nc3 g6 6. Be3 Bg7 7. f3 O-O 8. Qd2 Nc6 9. O-O-O d5 10. exd5 Nxd5 11. Nxc6 bxc6 12. Bd4 Nxc3 13. Qxc3 Bh6+ 14. Be3 Bxe3+ 15. Qxe3 Qb6 16. Re1 Be6 17. h4 Rfb8 18. Qc3 Qb4 19. Qxb4 Rxb4 20. Re5 Kg7 21. Rc5 a5 22. a3 Rb6 23. h5 a4 24. Rh4 Rab8 25. Rxa4 Rxb2 26. Bd3 Rb1+ 27. Kd2 Rg1 28. g4 Bd5 29. Be4 Rg2+ 30. Kc3 Rg3 31. Bxd5 cxd5 32. Rxd5 Rxf3+ 33. Rd3 Rc8+ 34. Kd2 Rf2+ 35. Ke3 Rcxc2 36. hxg6 hxg6 37. Ra7 e6 38. a4 Rc4 39. Kxf2 Rxg4 40. a5 Ra4 41. a6 g5 42. Rf3 Kg6 43. Rfxf7 Rxa6 44. Rxa6 Kxf7 45. Kf3 Kf6 46. Kg4 Ke5 47. Kxg5 Ke4 48. Rxe6+ 1-0


[Site "https://www.chess.com"]

[Event "Titled Tuesday Blitz January 03 Early 2023"]
[White "Saravana, Krishnan P."]
[Black "Md, Imran"]
[WhiteFideId "5018382"]
[BlackFideId "25748580"]
[WhiteElo "2284"]
[BlackElo "2284"]
[Result "1-0"]
[Round "07"]
[TimeControl "180+2"]
[Date "2023.01.03"]
[WhiteClock "0:01:05"]
[BlackClock "0:00:35"]

1. e4 c5 2. Nf3 Nc6 3. Nc3 g6 4. Bb5 Nd4 5. O-O Bg7 6. Nxd4 cxd4 7. Ne2 a6 8. Bc4 d6 9. d3 e6 10. f3 Ne7 11. Qe1 O-O 12. Bd2 b5 13. Bb3 a5 14. a4 b4 15. Qh4 Kh8 16. Bh6 Nc6 17. Bxg7+ Kxg7 18. Qf2 e5 19. Bd5 Bd7 20. f4 f6 21. c3 dxc3 22. bxc3 Rb8 23. Bxc6 Bxc6 24. cxb4 axb4 25. Rfc1 Qa5 26. Rxc6 b3 27. Rc4 b2 28. Rb1 Rb3 29. d4 Rfb8 30. dxe5 dxe5 31. Rc5 Qb6 32. fxe5 Rf8 33. Rb5 Rxb5 34. axb5 Qxb5 35. Nd4 Qxe5 36. Qxb2 Qxe4 37. Qb7+ Rf7 38. Qxe4 1-0


[Site "https://www.chess.com"]